 Dungeon Crawl Stone Soup version 0.24-a0-226-gca05e9d (webtiles) character file.

Game seed: 17045217767235834693

41848 Truthflux the Severer (level 14, -12/127 HPs)
             Began as a Hill Orc Fighter on Mar 30, 2019.
             Was a High Priest of Hepliaklqana.
             Killed from afar by Asterion (57 damage)
             ... with an orb of electricity
             ... on level 3 of the Snake Pit on Mar 31, 2019.
             The game lasted 01:22:05 (14800 turns).

Truthflux the Severer (Hill Orc Fighter)           Turns: 14800, Time: 01:22:06

Health: -12/127    AC: 21    Str: 22    XL:     14   Next: 17%
Magic:  0/19       EV:  6    Int: 10    God:    Hepliaklqana [*****.]
Gold:   911        SH: 13    Dex: 16    Spells: 13/13 levels left

rFire    + . .     SeeInvis .   N - +2 war axe (vamp)
rCold    . . .     Gourm    .   c - +0 shield
rNeg     . . .     Faith    .   d - +0 plate armour
rPois    +         Spirit   +   Y - +0 hat {MR+}
rElec    .         Reflect  .   Q - +1 cloak of Life {*Contam rPois MR+ Int+4}
rCorr    .         Harm     .   a - +0 pair of gloves
MR       +++..                  K - +0 pair of boots
Stlth    ..........             F - amulet of guardian spirit
HPRegen  0.31/turn              S - +4 ring of dexterity
MPRegen  0.16/turn              k - ring of protection from fire

@: no status effects
A: reduced essence, dopey 1, robust 1
a: Recall Ancestor, Ancestor Identity, Transference, Idealise, Renounce Religion


You were on level 3 of the Snake Pit.
You worshipped Hepliaklqana.
Hepliaklqana was extremely pleased with you.
You were not hungry.

You visited 3 branches of the dungeon, and saw 16 of its levels.
You also visited: Sewer.

You collected 911 gold pieces.

Inventory:

Hand Weapons
 o - a cursed -1 war axe
 r - a +2 trident
 z - a +3 mace
 N - a +2 vampiric war axe (weapon)
Armour
 a - a +0 pair of gloves (worn)
 c - a +0 shield (worn)
 d - a +0 plate armour (worn)
 K - a +0 pair of boots (worn)
 Q - the +1 cloak of Life (worn) {*Contam rPois MR+ Int+4}
   (You found it on level 7 of the Dungeon)

   It affects your intelligence (+4).
   It protects you from poison.
   It affects your resistance to hostile enchantments.
   It causes magical contamination when unequipped.
 Y - a +0 hat of magic resistance (worn)
Jewellery
 b - an uncursed ring of positive energy
 g - an uncursed amulet of the gourmand
 i - an uncursed ring of resist corrosion
 k - a ring of protection from fire (right hand)
 m - an uncursed ring of stealth
 s - a +4 ring of intelligence
 F - an amulet of guardian spirit (around neck)
 H - an uncursed ring of fire
 P - an uncursed ring of protection from magic
 S - a +4 ring of dexterity (left hand)
 W - an uncursed ring of magical power
 X - a +2 ring of strength
Wands
 p - a wand of flame (17)
 y - a wand of scattershot (3)
 A - a wand of enslavement (20)
 G - a wand of iceblast (8)
 I - a wand of random effects (34)
 M - a wand of paralysis (17)
 T - a wand of digging (3)
 U - a wand of acid (12)
Scrolls
 e - 4 scrolls of magic mapping
 h - 3 scrolls of amnesia
 j - a scroll of vulnerability {unknown}
 l - 8 scrolls of identify
 q - 2 scrolls of fear
 t - a scroll of summoning {unknown}
 w - a scroll of noise {unknown}
 C - a scroll of blinking {unknown}
 E - 6 scrolls of remove curse
 L - 3 scrolls of enchant weapon
 R - 2 scrolls of immolation {unknown}
Potions
 n - a potion of degeneration
 u - a potion of agility
 v - a potion of haste {unknown}
 B - 6 potions of curing
 D - 2 potions of ambrosia
 O - 3 potions of resistance
Miscellaneous
 V - a phial of floods
 Z - 2 boxes of beasts
Comestibles
 f - 31 rations
 x - a chunk of flesh


   Skills:
 + Level 12.4 Fighting
 + Level 15.6(16.6) Axes
 - Level 8.6(12.1) Maces & Flails
 + Level 11.9 Armour
 - Level 0.3 Dodging
 - Level 3.3 Stealth
 + Level 11.8 Shields
 * Level 7.7 Invocations
 + Level 0.2 Evocations


You had 13 spell levels left.
You didn't know any spells.
Your spell library contained the following spells:

 Spells                   Type           Power        Failure   Level  Hunger
 Beastly Appendage        Tmut           #.....       100%        1    ##.....
 Summon Small Mammal      Summ           #...         100%        1    ##.....
 Call Imp                 Summ           #.......     100%        2    ###....
 Ensorcelled Hibernation  Hex/Ice        #.....       100%        2    ###....
 Sticks to Snakes         Tmut           #.......     100%        2    ###....
 Call Canine Familiar     Summ           #.......     100%        3    ####...
 Spider Form              Tmut/Pois      #.........   100%        3    ####...
 Summon Guardian Golem    Hex/Summ       #.......     100%        3    ####...
 Ice Form                 Ice/Tmut       #.......     100%        4    #####..
 Summon Ice Beast         Ice/Summ       #.......     100%        4    #####..
 Summon Lightning Spire   Summ/Air       #.......     100%        4    #####..
 Blade Hands              Tmut           #.........   100%        5    ######.
 Borgnjor's Vile Clutch   Necr/Erth      #.........   100%        5    ######.
 Silence                  Hex/Air        #.........   100%        5    ######.
 Darkness                 Hex            #.........   100%        6    #######
 Shadow Creatures         Summ           N/A          100%        6    #######


Dungeon Overview and Level Annotations

Branches:
Dungeon (11/15)            Temple (0/1) D:7            Lair (2/6) D:10
  Snake (3/4) Lair:2
  Swamp: Lair:2-4    Shoals: Lair:2-4       Orc: D:9-12

Altars:
Ashenzari
Elyvilon
Fedhas
Gozag
Hepliaklqana
Kikubaaqudgha
Okawaru
Trog
Uskayaw
Wu Jian
Xom
Yredelemnul
The Shining One
Beogh

Shops:
D:4 (   D:5 (   D:6 [==!(   D:8 }   D:10 *   Snake:1 }=}

Portals:
Ice
Cave: D:11

Annotations:
D:11 Maurice
Snake:2 1 runed translucent door, tilp's ghost, adept MiBe
Snake:3 Asterion


Innate Abilities, Weirdness & Mutations

Your life essence is reduced to manifest your ancestor. (-10% HP)
You are dopey. (Int -2)
You are robust. (+10% HP)


Message History

Asterion hits you but does no damage. You block Asterion's attack.
The blizzard demon gestures at you. The bolt of lightning hits you!! x2
The bolt of lightning hits the blizzard demon.
The blizzard demon completely resists.
Okay, then.
Rana hits the blizzard demon but does no damage.
The blizzard demon hits Rana! x2
Rana closely misses the blizzard demon.
Asterion conjures a destructive force in the name of Makhleb!
The sticky flame hits you but does no damage.
You are covered in liquid flames!
The blizzard demon hits Rana!
Rana is destroyed!
You are covered in liquid flames!
You are covered in liquid flames!
You are covered in liquid flames!
Asterion conjures a destructive force in the name of Makhleb!
The orb of electricity explodes!
The orb of electricity engulfs you!!!
You die...

...........#....)#...#..
.#
..###......#.........#.#
..#
####.###...###.....###.
..# ...#.###..........
..# ..##..#...........
..# ..#.............# .##
.##...#......... ##..
###....##....#.#### #
....
#........@.H##....##.. #
...
#.......##...2........
..##........####.>....###
####. .........
.........#
#....##........
#....###..#
##.....#........ ###.##
## #......†........ ..#
#......######... ..#
........<...# # ..##


You could see Asterion and a blizzard demon.

Vanquished Creatures
  Gastronok (Lair:1)
  A nagaraja (Snake:2)
  Harold (D:7)
  2 naga warriors (Snake:2)
  3 anacondas
  Erica (D:8)
  4 naga sharpshooters
  2 salamander mystics (Snake:2)
  A naga ritualist (Snake:1)
  Pikel (D:6)
  4 mana vipers
  5 salamanders
  A guardian serpent (Snake:3)
  The ghost of Borgoz the Cutter, a novice KoGl of Ashenzari (D:6)
  6 naga magi
  12 black mambas
  A spiny frog (Lair:1)
  A komodo dragon (D:10)
  A rime drake (Lair:2)
  A hippogriff (Lair:2)
  A vampire (D:10)
  A wyvern (D:10)
  Menkaure (D:6)
  13 nagas
  2 water moccasins
  2 porcupines (Lair:1)
  2 sky beasts (D:5)
  3 ice beasts
  4 orc warriors
  3 ogres
  A necrophage (D:7)
  4 wolves (D:9)
  A centaur (D:8)
  2 crocodiles (Lair:2)
  9 bullfrogs
  2 scorpions (D:10)
  A wyvern skeleton (D:10)
  3 killer bees (D:8)
  2 wights (D:6)
  3 jellies
  2 bullfrog zombies
  2 centaur zombies
  A crimson imp (D:7)
  4 orc priests
  4 hounds
  3 orc wizards
  Crazy Yiuf (D:3)
  A bullfrog skeleton (D:7)
  Natasha (D:2)
  Terence (D:3)
  2 iguanas
  4 worker ants
  A bullfrog simulacrum (D:6)
  A hound zombie (D:6)
  A worker ant zombie (D:10)
  3 gnolls (D:7)
  4 adders
  4 shadow imps
  3 white imps (D:6)
  2 oozes
  2 adder skeletons
  2 worms (D:2)
  4 dart slugs
  6 leopard geckos
  40 orcs
  7 bats
  4 giant cockroaches
  4 hobgoblins
  11 jackals
  4 quokkas
  2 ball pythons
  3 frilled lizards
  2 goblins (D:1)
  11 kobolds
  A leopard gecko skeleton (D:4)
  8 rats
  2 plants (Lair:2)
268 creatures vanquished.

Vanquished Creatures (collateral kills)
  Vashnia (Snake:2)
  An anaconda (Snake:1)
  A naga sharpshooter (Snake:2)
  A naga ritualist (Snake:3)
  3 mana vipers (Snake:3)
  6 salamanders
  4 black mambas
  3 naga magi
  A spiny frog (Lair:2)
  Grum (D:9)
  A naga (Snake:2)
  4 orc warriors
  An ice beast (D:7)
  An ogre (D:10)
  A phantom (D:5)
  A centaur (D:10)
  A crocodile (Sewer)
  A big kobold (D:8)
  4 bullfrogs
  A wyvern skeleton (D:9)
  A killer bee (D:8)
  A wight (D:6)
  2 orc priests (D:6)
  2 hounds
  3 orc wizards
  3 worker ants
  A bullfrog simulacrum (D:6)
  A hound zombie (D:7)
  A gnoll (D:7)
  2 adders
  A white imp (D:6)
  A leopard gecko (D:4)
  16 orcs
  A bat (D:2)
  4 jackals
  A frilled lizard (D:5)
  3 kobolds
  A rat (D:3)
  2 fungi
85 creatures vanquished.

Vanquished Creatures (others)
  A slave (D:6)
  16 hexers
  A gnoll (D:6)
  3 ancestors
  A fungus (Lair:2)
  4 plants
26 creatures vanquished.

Grand Total: 379 creatures vanquished

Notes
Turn   | Place    | Note
-------+----------+-------------------------------------------
     0 | D:1      | Truthflux the Hill Orc Fighter began the quest for the Orb.
     0 | D:1      | Reached XP level 1. HP: 19/19 MP: 1/1
    47 | D:1      | Reached XP level 2. HP: 11/27 MP: 2/2
   351 | D:1      | Reached skill level 3 in Axes
   592 | D:1      | Reached XP level 3. HP: 33/33 MP: 3/3
  1017 | D:2      | Found an iron altar of Okawaru.
  1067 | D:2      | Found an opulent altar of Gozag.
  1235 | D:2      | Reached XP level 4. HP: 34/40 MP: 4/4
  1301 | D:2      | Found a hazy altar of Hepliaklqana.
  1301 | D:2      | Found a shimmering altar of Xom.
  1307 | D:2      | Found an ornate altar of the Wu Jian Council.
  1326 | D:2      | Found an opulent altar of Gozag.
  1327 | D:2      | Found an ancient bone altar of Kikubaaqudgha.
  1343 | D:2      | Became a worshipper of Hepliaklqana the Forgotten
  1590 | D:2      | Noticed Natasha
  1602 | D:2      | Killed Natasha
  1602 | D:2      | Reached skill level 4 in Axes
  1766 | D:2      | Reached XP level 5. HP: 37/42 MP: 5/5
  2004 | D:3      | Found a faded altar of an unknown god.
  2094 | D:3      | Found a hide-covered altar of Uskayaw.
  2211 | D:3      | Noticed Terence
  2222 | D:3      | Killed Terence
  2234 | D:3      | Reached * piety under Hepliaklqana
  2406 | D:3      | Found a runed translucent door.
  2407 | D:3      | Noticed Crazy Yiuf
  2501 | D:3      | Killed Crazy Yiuf
  2501 | D:3      | Reached skill level 5 in Axes
  2634 | D:4      | Reached XP level 6. HP: 47/47 MP: 6/6
  2642 | D:4      | Reached skill level 1 in Maces & Flails
  2710 | D:4      | Found Niron's Antique Weapon Boutique.
  3228 | D:4      | Found a bloodstained altar of Trog.
  3362 | D:5      | Entered Level 5 of the Dungeon
  3363 | D:5      | Noticed a sky beast
  3378 | D:5      | Killed a sky beast
  3378 | D:5      | Reached skill level 5 in Fighting
  3378 | D:5      | Reached skill level 5 in Shields
  3378 | D:5      | Reached XP level 7. HP: 54/54 MP: 7/7
  3484 | D:5      | Found a glowing drain.
  3508 | Sewer    | Entered a sewer
  3716 | D:5      | Reached skill level 5 in Armour
  3786 | D:5      | Reached ** piety under Hepliaklqana
  3787 | D:5      | Remembered your ancestor Rana as a hexer
  3916 | D:5      | Found Xeroi's Weapon Shop.
  4204 | D:5      | Reached XP level 8. HP: 50/62 MP: 6/8
  4391 | D:6      | Found Pivausagg's Weapon Emporium.
  4405 | D:6      | Noticed Menkaure
  4415 | D:6      | Killed Menkaure
  4415 | D:6      | Reached skill level 5 in Maces & Flails
  4438 | D:6      | Found a runed translucent gate.
  4480 | D:6      | Found a runed translucent gate.
  4481 | D:6      | Found a runed translucent gate.
  4541 | D:6      | Reached skill level 1 in Stealth
  4550 | D:6      | Noticed Borgoz's ghost (novice KoGl)
  4575 | D:6      | Killed Borgoz's ghost
  4575 | D:6      | Reached XP level 9. HP: 46/67 MP: 5/9
  5058 | D:6      | Noticed Pikel
  5080 | D:6      | Killed Pikel
  5221 | D:6      | Found Foefasti's Jewellery Boutique.
  5237 | D:6      | Found Zapamo's Distillery.
  5286 | D:6      | Found Hiereer's Antique Armour Shop.
  5307 | D:6      | Found a white marble altar of Elyvilon.
  5308 | D:6      | Reached *** piety under Hepliaklqana
  5365 | D:6      | Found a glowing golden altar of the Shining One.
  5368 | D:6      | Found a basalt altar of Yredelemnul.
  5519 | D:6      | Found Hiplanos's Jewellery Boutique.
  5740 | D:7      | Reached XP level 10. HP: 67/77 MP: 8/10
  5756 | D:7      | Reached skill level 1 in Invocations
  5776 | D:7      | Got a bloodstained cloak
  5787 | D:7      | Identified the +1 cloak of Life {*Contam rPois MR+ Int+4}
                  | (You found it on level 7 of the Dungeon)
  6045 | D:7      | Found a staircase to the Ecumenical Temple.
  6081 | D:7      | Reached skill level 6 in Axes
  6119 | D:7      | Found a blossoming altar of Fedhas.
  6176 | D:8      | Noticed Harold
  6180 | D:8      | Noticed Erica
  6188 | D:7      | Killed Harold
  6292 | D:8      | Found Atatoti's Gadget Boutique.
  6324 | D:8      | Reached skill level 7 in Axes
  6446 | D:8      | Killed Erica
  6446 | D:8      | Reached skill level 8 in Axes
  6489 | D:8      | Reached **** piety under Hepliaklqana
  6794 | D:9      | Noticed Grum
  6801 | D:9      | Reached skill level 9 in Axes
  6823 | D:9      | Killed Grum
  7020 | D:9      | Found a roughly hewn altar of Beogh.
  7048 | D:9      | Reached XP level 11. HP: 55/85 MP: 8/13
  7163 | D:9      | Found a shattered altar of Ashenzari.
  7267 | D:9      | Noticed a seven-headed hydra
  8290 | D:10     | Entered Level 10 of the Dungeon
  8425 | D:10     | Found Ruowit's Assorted Antiques.
  8498 | D:11     | Found a frozen archway.
  8498 | D:11     | Noticed Maurice
  8515 | D:10     | Reached skill level 10 in Axes
  8692 | D:10     | Found an iron altar of Okawaru.
  8776 | D:10     | Found a staircase to the Lair.
  8794 | Lair:1   | Entered Level 1 of the Lair of Beasts
  8937 | Lair:1   | Noticed Gastronok
  8960 | Lair:1   | Killed Gastronok
  8966 | Lair:1   | Noticed a six-headed hydra
  8984 | Lair:1   | Reached ***** piety under Hepliaklqana
  9117 | Lair:1   | Reached skill level 11 in Axes
  9193 | Lair:2   | Found a staircase to the Snake Pit.
  9496 | Snake:1  | Entered Level 1 of the Snake Pit
  9546 | Snake:1  | Noticed an anaconda
  9556 | Snake:1  | Killed an anaconda
  9691 | Snake:1  | Noticed a naga sharpshooter
  9700 | Snake:1  | Killed a naga sharpshooter
  9700 | Snake:1  | Reached skill level 12 in Axes
  9700 | Snake:1  | Reached XP level 12. HP: 77/95 MP: 12/14
 10053 | Snake:1  | Found Acug's Gadget Shoppe.
 10054 | Snake:1  | Found Xehycvoo's Jewellery Boutique.
 10055 | Snake:1  | Found Fenuere's Gadget Shoppe.
 10150 | Snake:2  | Reached skill level 10 in Fighting
 10162 | Snake:2  | Reached skill level 10 in Armour
 10518 | Snake:2  | Noticed a nagaraja
 10536 | Snake:2  | Killed a nagaraja
 10889 | Snake:1  | Reached skill level 10 in Shields
 10966 | Snake:1  | Noticed an anaconda
 10978 | Snake:1  | Killed an anaconda
 10978 | Snake:1  | Reached skill level 13 in Axes
 11411 | Snake:2  | Noticed an anaconda
 11423 | Snake:2  | Killed an anaconda
 11518 | Snake:2  | Reached XP level 13. HP: 96/104 MP: 13/15
 11578 | Snake:2  | Reached skill level 14 in Axes
 11605 | Snake:2  | Noticed Vashnia
 11623 | Snake:2  | HP: 2/104 [naga sharpshooter/bolt[Vashnia] (6)]
 11690 | Snake:2  | Upgraded the game from 0.24-a0-218-ga595e75 to
                  | 0.24-a0-226-gca05e9d
 12641 | Snake:2  | Reached skill level 5 in Invocations
 13164 | Snake:2  | Killed Vashnia
 13593 | Snake:2  | Reached skill level 15 in Axes
 13957 | Snake:2  | Found a runed translucent door.
 13962 | Snake:2  | Found a shimmering altar of Xom.
 13962 | Snake:2  | Noticed tilp's ghost (adept MiBe)
 14045 | Snake:2  | Gained mutation: You are dopey. (Int -2) [potion of
                  | mutation]
 14045 | Snake:2  | Gained mutation: You are robust. (+10% HP) [potion of
                  | mutation]
 14199 | Snake:3  | Reached XP level 14. HP: 126/126 MP: 19/19
 14784 | Snake:3  | Noticed Asterion
 14800 | Snake:3  | Killed from afar by Asterion

Levels and vault maps discovered:
D:1:      minmay_arrival_five_plusses, layout_basic
D:2:      layout_basic, okawaru_metal_pillars_1_2,
          chequers_temple_overflow_minitemple, minmay_misc_feat_doors,
          kennysheep_cluttered_room,
          nicolae_gozag_cash_rules_everything_around_me, uniq_natasha
D:3:      layout_rooms, eat_drink_and_be_merry_uskayaw,
          chequers_ecumenical_altar_island, serial_bayou_lake_a,
          uniq_crazy_yiuf_cottage, uniq_terence
D:4:      layout_basic, serial_shops, nicolae_shop_stone, bloody_trog
D:5:      layout_gridville, serial_shops, nicolae_shop_stone,
          gup_sewer_entry_glass, first_ration
D:6:      layout_cave_pods, grunt_temple_overflow_holy_war, elyvilon_altar_5,
          gammafunk_ghost_icy, serial_shops, shop, shop, kennysheep_mini_moat,
          nicolae_shop_statue_plus, kennysheep_little_box, minivault_10,
          minmay_misc_feat_roman, dk_noncrumbling_3, uniq_menkaure, uniq_pikel
D:7:      layout_gridville, fedhas_altar_decomposition,
          minmay_temple_entry_slanted, grunt_decor_clamped, grunt_ogre_cave,
          st_stairs_12
D:8:      layout_rooms, serial_shops, shop, uniq_harold, uniq_erica
D:9:      layout_basic, evilmike_ruin_ashenzari, special_room
          [special_room_orc], uniq_grum
D:10:     layout_cave_pools, david_lair_shrubbed, serial_park,
          serial_park_square2, serial_park_avenue1, serial_park_square3
          [serial_park_minivault_5x5_8], serial_park_tiny_2, serial_shops, shop,
          uniq_erolcha
D:11:     layout_loops_ring, portal_ice_cave_entry_pillars_1,
          introduction_to_nature_2, uniq_maurice
Lair:1:   layout_regular_city, grunt_forest_small_clearing_treed,
          uniq_gastronok, uniq_fannar
Lair:2:   layout_regular_city, guppyfry_snake_entry_island,
          chequers_serial_rivers_large_a, chequers_serial_rivers_micro_e
Snake:1:  layout_cave_shapes, minmay_shop_grove
Snake:2:  cheibrodos_snake_lava_hold, layout_cave_town, ebering_ghost_xom,
          uniq_vashnia
Snake:3:  nicolae_snake_nest, layout_honeycomb, uniq_aizul, uniq_asterion
Sewer:    sewer_the_crocodile

Skill      XL: |  1  2  3  4  5  6  7  8  9 10 11 12 13 |
---------------+----------------------------------------+-----
Axes           | 3 4 5 9 12 13 15 | 15.6
Fighting       | 4 5 6 7 8 9 11 12 | 12.4
Shields        | 4 5 6 7 8 9 10 11 | 11.8
Armour         | 4 5 6 7 8 9 11 | 11.9
Maces & Flails | 3 4 7 8 |  8.6
Stealth        | 1 3 |  3.3
Invocations    | 3 7 |  7.7
Dodging        | |  0.3
Evocations     | |  0.2

Action                   |  1- 3 |  4- 6 |  7- 9 | 10-12 | 13-15 || total
-------------------------+-------+-------+-------+-------+-------++-------
Melee: War axe           |   122 |   100 |     6 |   697 |   365 ||  1290
       Flail             |       |    97 |   268 |       |       ||   365
Invok: Ancestor Identity |       |     1 |       |       |       ||     1
       Ancestor Life: He |       |       |     1 |       |       ||     1
       Idealise          |       |       |       |       |     1 ||     1
Evoke: Wand              |       |       |       |     3 |       ||     3
  Use: Potion            |     3 |     1 |     2 |     5 |     9 ||    20
       Scroll            |       |       |     3 |    10 |     3 ||    16
 Stab: Distracted        |       |     1 |     6 |     3 |     5 ||    15
       Confused          |       |       |     7 |    13 |     5 ||    25
  Eat: Chunk             |     1 |     8 |     8 |     9 |     1 ||    27
       Ration            |       |       |     2 |     2 |     3 ||     7
Armor: Scale mail        |    66 |    15 |       |       |       ||    81
       Chain mail        |       |    81 |    79 |       |       ||   160
       Plate armour      |       |       |    45 |   341 |   133 ||   519
Dodge: Dodged            |    55 |    42 |    34 |   125 |    48 ||   304
Block: Shield            |    70 |    91 |    91 |   351 |   223 ||   826

Table legend:
 A = Non-vault XP
 B = Vault XP
 C = Vault XP percentage of total XP
 D = Non-vault monster count
 E = Vault monster count
 F = Vault count percentage of total count
                 A         B        C        D         E       F
            +---------+---------+-------+---------+---------+-------
      Total |   37782 |   22002 |  36.8 |     272 |      77 |  22.1
            +---------+---------+-------+---------+---------+-------
        D:1 |      43 |       0 |   0.0 |      22 |       0 |   0.0
        D:2 |      94 |      36 |  27.7 |      34 |       1 |   2.9
        D:3 |      54 |      75 |  58.1 |      10 |       2 |  16.7
        D:4 |     290 |       0 |   0.0 |      16 |       0 |   0.0
        D:5 |     714 |      26 |   3.5 |      13 |       2 |  13.3
        D:6 |    1079 |    1635 |  60.2 |      26 |      11 |  29.7
        D:7 |     776 |    1202 |  60.8 |      26 |       3 |  10.3
        D:8 |    1309 |     934 |  41.6 |      31 |       1 |   3.1
        D:9 |     359 |    1133 |  75.9 |       9 |      30 |  76.9
       D:10 |    1244 |     492 |  28.3 |      14 |       4 |  22.2
     Lair:1 |     809 |    2089 |  72.1 |       4 |       1 |  20.0
     Lair:2 |    1550 |     169 |   9.8 |       8 |       1 |  11.1
    Snake:1 |    9285 |       0 |   0.0 |      18 |       0 |   0.0
    Snake:2 |   12804 |   14092 |  52.4 |      27 |      15 |  35.7
    Snake:3 |    7372 |       0 |   0.0 |      14 |       0 |   0.0
      Sewer |       0 |     119 | 100.0 |       0 |       6 | 100.0
            +---------+---------+-------+---------+---------+-------
